 Dungeon Crawl Stone Soup version 0.28.0-53-g5a82cb258f (webtiles) character file.

Game seed: 13647389499551738380

163 Kranky the Skirmisher (level 5, -6/38 HPs)
             Began as an Octopode Fighter on June 21, 2022.
             Mangled by a phantom (8 damage)
             ... on level 4 of the Dungeon.
             The game lasted 00:04:54 (3728 turns).

Kranky the Skirmisher (Octopode Fighter)            Turns: 3728, Time: 00:04:55

Health: -6/38      AC:  1    Str: 16    XL:     5   Next: 44%
Magic:  5/5        EV: 13    Int: 10    God:
Gold:   212        SH:  0    Dex: 13    Spells: 4/4 levels left

rFire   . . .      SeeInvis .   s - +3 mace
rCold   . . .      Faith    .   b - +0 buckler
rNeg    . . .      Spirit   .   (helmet restricted)
rPois   .          Reflect  .   i - amulet of the acrobat
rElec   .          Harm     .   (no ring)
rCorr   .          Rampage  .   (no ring)
Will    .....                   (no ring)
Stlth   ++........              (no ring)
HPRegen 0.12/turn               (no ring)
MPRegen 0.09/turn               (no ring)
                                (no ring)
                                (no ring)

@: confused
A: almost no armour, amphibious, 8 rings, camouflage 1, gelatinous body 1,
(nimble swimmer 1), tentacles
a: no special abilities


You were on level 4 of the Dungeon.
You visited 1 branch of the dungeon, and saw 4 of its levels.

You collected 212 gold pieces.

Inventory:

Hand Weapons
 a - a +0 flail
 s - a +3 mace (weapon)
Missiles
 k - 13 poisoned darts (quivered)
Armour
 b - a +0 buckler (worn)
Jewellery
 i - an amulet of the acrobat (around mantle)
Scrolls
 d - 4 scrolls of enchant weapon {unknown}
 g - 2 scrolls of enchant armour {unknown}
 h - a scroll of brand weapon {unknown}
 j - 2 scrolls of fog {unknown}
 m - a scroll of summoning {unknown}
 o - a scroll of magic mapping {unknown}
 p - 2 scrolls of teleportation {unknown}
 q - 3 scrolls of identify {unknown}
Potions
 c - 3 potions of might
 e - a potion of lignification {unknown}
 f - a potion of degeneration {unknown}
 l - a potion of magic {unknown}
 n - 2 potions of heal wounds {unknown}
 r - a potion of attraction {unknown}


   Skills:
 + Level 4.6 Fighting
 - Level 2.0 Maces & Flails
 + Level 3.4 Dodging
 - Level 4.0 Stealth
 + Level 3.2 Shields


You had 4 spell levels left.
You didn't know any spells.
Your spell library contained the following spells:

 Spells                   Type           Power      Damage    Failure   Level
 Ensorcelled Hibernation  Hex/Ice        0%         N/A       58%         2
 Passwall                 Tmut/Erth      0%         N/A       58%         2
 Static Discharge         Conj/Air       0%         N/A       58%         2
 Swiftness                Air            0%         N/A       83%         3
 Dispel Undead            Necr           0%         3d6       99%         4
 Sticky Flame             Conj/Fire      0%         2d3       99%         4


Dungeon Overview and Level Annotations

Branches:
Dungeon (4/15)
 Temple: D:4-7

Altars:
Elyvilon

Annotations:
D:4 exclusion: phantom


Innate Abilities, Weirdness & Mutations

You cannot wear most types of armour.
You are amphibious.
You can wear up to eight rings at the same time.
Your skin changes colour to match your surroundings (Stealth+).
Your rubbery body absorbs attacks. (AC +1, EV +1)
((You are camouflaged when in or above water. (Stealth+)))
You have tentacles for arms and can constrict up to eight enemies at once.


Message History

The phantom is moderately damaged.
You hear a shout! x2
The phantom hits you!
You are too injured to fight recklessly!
Unknown command.
An orc comes into view. It is wielding a +0 dagger.
The kobold hits you with a +0 club.
The orc moves out of view.
You barely miss the orc wizard. You grab the orc wizard.
You squeeze the orc wizard.
The orc wizard is lightly wounded.
You constrict the orc wizard. The kobold misses you.
The phantom closely misses you.
The orc wizard hits you with a +0 dagger.
* * * LOW HITPOINT WARNING * * *
You release your grip on the orc wizard.
The kobold completely misses you. The orc wizard misses you.
You barely miss the orc wizard. You grab the orc wizard.
You constrict the orc wizard.
The orc wizard casts a spell.
The orc wizard flickers and vanishes!
Deactivating autopickup; reactivate with Ctrl-A.
The phantom misses you. The kobold closely misses you.
The orc wizard points at you and mumbles some strange words.
You are confused.
Something completely misses you. The phantom barely misses you.
You release your grip on something.
The orc wizard points at you and mumbles some strange words.
You are more confused.
Something hits you.
* * * LOW HITPOINT WARNING * * *
The kobold completely misses you. Something hits you.
* * * LOW HITPOINT WARNING * * *
The orc wizard misses you. Something barely misses you. The phantom hits you.
* * * LOW HITPOINT WARNING * * *
The phantom blinks!
You blink.
Unknown command.
You bump into the rock wall.
The phantom hits you!
You die...

.........#.....#
.........##...## ...
.........#.....#.. ..
....#............ .. .
#..###..#....... .###..
##.....###.....###.....#
#.......#..###..#.......
.........§..#...........
.#.....#..§o...W@# ...
.##...##..K......# (..#
.#.....#.........#.....
............#...(......
#.......#..###..#......
##.....###..!..###.....
#..###..#....... .###.
....#............ ..
.........#.....#..


You could see a phantom, an orc wizard and a kobold.

Vanquished Creatures
  A centaur skeleton (D:3)
  A killer bee zombie (D:4)
  4 adders
  3 worms
  A dart slug (D:1)
  5 orcs
  4 bats
  12 endoplasms
  2 giant cockroaches
  6 hobgoblins
  2 quokkas
  7 ball pythons
  2 frilled lizards
  3 goblins
  7 kobolds
  4 rats
64 creatures vanquished.

Vanquished Creatures (others)
  4 fungi (D:1)
  5 plants (D:1)
9 creatures vanquished.

Grand Total: 73 creatures vanquished

Notes
Turn   | Place    | Note
-------+----------+-------------------------------------------
     0 | D:1      | Kranky the Octopode Fighter began the quest for the Orb.
     0 | D:1      | Reached XP level 1. HP: 16/16 MP: 1/1
    39 | D:1      | You fall into a shaft and drop 1 floor!
    48 | D:2      | Reached skill level 1 in Stealth
   116 | D:2      | Reached XP level 2. HP: 10/21 MP: 2/2
   360 | D:1      | Found a faded altar of an unknown god.
   872 | D:1      | Reached XP level 3. HP: 26/26 MP: 3/3
  2297 | D:3      | Reached XP level 4. HP: 27/33 MP: 4/4
  3207 | D:3      | Reached XP level 5. HP: 38/38 MP: 5/5
  3630 | D:4      | Found a white marble altar of Elyvilon.
  3685 | D:4      | Noticed a phantom
  3711 | D:4      | Noticed a phantom
  3728 | D:4      | Mangled by a phantom

Illustrated notes

Levels and vault maps discovered:
D:1:      lemuel_arrival_muddy, layout_basic, hellmonk_ecumenical_altar_lost_god
D:2:      layout_basic
D:3:      layout_loops_ring
D:4:      nicolae_cairo_tiling_large_dashed, layout_loops_ring,
          elyvilon_altar_4, vehumet_altar_wand_db, serial_undead,
          serial_undead_f, serial_undead_a, serial_undead_d, serial_undead_c,
          ebering_ghost_reflecting_pool

Skill      XL: |  1  2  3 |
---------------+----------+-----
Stealth        | 1 2 4 |  4.0
Fighting       | 4 |  4.6
Maces & Flails | |  2.0
Dodging        | |  3.4
Shields        | |  3.2

Action                   |  1- 3 |  4- 6 || total
-------------------------+-------+-------++-------
Melee: Flail             |    64 |    47 ||   111
       Tentacles         |    15 |    11 ||    26
       Constrict         |    12 |    18 ||    30
       Mace              |       |    10 ||    10
 Stab: Sleeping          |    10 |     9 ||    19
Armor: Skin              |     8 |     4 ||    12
Dodge: Dodged            |    32 |    49 ||    81
Block: Buckler           |    20 |    14 ||    34
